[Event "Titled Tuesday Blitz October 31 Late 2023"]
[White "subham777"]
[Black "Minina, Veronika"]
[BlackFideId "4174780"]
[WhiteElo "2509"]
[BlackElo "2343"]
[Result "1-0"]
[Round "4"]
[TimeControl "180+1"]
[Date "2023.10.31"]
[WhiteClock "0:00:02"]
[BlackClock "0:00:00"]
[Board "109"]

1. e4 c5 2. Nf3 Nc6 3. Bb5 e6 4. O-O a6 5. Bxc6 bxc6 6. c3 Ne7 7. d4 cxd4 8. cxd4 Ng6 9. Nc3 d5 10. Bg5 f6 11. Bd2 Be7 12. Re1 O-O 13. Rc1 c5 14. exd5 exd5 15. dxc5 Bxc5 16. Be3 Bxe3 17. Rxe3 Bb7 18. Rd3 Nf4 19. Rd4 Ne6 20. Rd2 Nc7 21. Nd4 Qd7 22. Nb3 Bc6 23. Ne2 Rfd8 24. Ned4 Ba4 25. Qf3 Bxb3 26. Nxb3 Ne6 27. Rcd1 d4 28. Nxd4 Rac8 29. Qb3 Kh8 30. h3 Nxd4 31. Rxd4 Qxd4 32. Rxd4 Rxd4 33. Qe6 Rcd8 34. Qxa6 Rd1+ 35. Kh2 R1d2 36. Qa5 h6 37. f4 R8d5 38. Qa8+ Kh7 39. Qa6 Rxb2 40. Qc4 Rdd2 41. Qe4+ Kg8 42. a4 Ra2 43. Qa8+ Kh7 44. Qe4+ 1-0


[Site "https://www.chess.com"]

[Event "Titled Tuesday Blitz October 31 Late 2023"]
[White "The_Straightforward_Rook"]
[Black "Rose, Felix"]
[BlackFideId "5105722"]
[WhiteElo "2502"]
[BlackElo "2336"]
[Result "1/2-1/2"]
[Round "4"]
[TimeControl "180+1"]
[Date "2023.10.31"]
[WhiteClock "0:00:12"]
[BlackClock "0:00:25"]
[Board "110"]

1. e4 e5 2. Nf3 Nc6 3. Bc4 Nf6 4. d3 Bc5 5. Bg5 h6 6. Bh4 Be7 7. c3 d6 8. Nbd2 a6 9. a4 Na5 10. Ba2 c5 11. Nf1 Be6 12. Ne3 Bxa2 13. Rxa2 Nc6 14. Bxf6 Bxf6 15. Qb3 Rb8 16. Nd5 O-O 17. O-O g6 18. h3 Kg7 19. Nh2 Bg5 20. g3 f5 21. f4 Bf6 22. Kh1 fxe4 23. dxe4 exf4 24. gxf4 Qe8 25. Qc4 Qe6 26. Ng4 Bh4 27. Qd3 Rbe8 28. Raa1 Qxe4+ 29. Qxe4 Rxe4 30. Rad1 h5 31. Nf2 Re2 32. Nd3 c4 33. Nc1 Rxb2 34. Nc7 Rf6 35. Ne8+ Kf7 36. Nxf6 Bxf6 37. Rxd6 Bxc3 38. Rd7+ Kf6 39. Rfd1 Bb4 40. Rf1 c3 41. Nd3 b5 42. Nxb2 cxb2 43. axb5 axb5 44. Rb7 Nd4 45. Rb1 Bc3 46. Rc7 b4 47. Kg2 Nb3 48. Rd7 Nd2 49. Rxd2 Bxd2 50. Rxb2 Bc3 51. Re2 Kf5 52. Kf3 h4 53. Rc2 g5 54. fxg5 Kxg5 55. Rc1 Kf5 56. Rg1 b3 57. Ke2 b2 58. Kd3 Bf6 59. Kc2 Ke4 60. Rg4+ Kf3 61. Rg6 Be5 62. Rg5 Bd4 63. Rg4 Bf6 64. Rg6 Be5 65. Rg4 Bf6 1/2-1/2


[Site "https://www.chess.com"]

[Event "Titled Tuesday Blitz October 31 Late 2023"]
[White "Senft, Sean"]
[Black "Friedland, Moshe"]
[WhiteFideId "2044960"]
[BlackFideId "2812843"]
[WhiteElo "2334"]
[BlackElo "2499"]
[Result "1-0"]
[Round "4"]
[TimeControl "180+1"]
[Date "2023.10.31"]
[WhiteClock "0:00:13"]
[BlackClock "0:00:02"]
[Board "111"]

1. d4 Nf6 2. c4 c6 3. Nc3 d5 4. cxd5 cxd5 5. Bf4 Nc6 6. e3 a6 7. Nf3 Bg4 8. Qb3 Na5 9. Qa4+ Bd7 10. Qd1 e6 11. Bd3 Bb4 12. Rc1 O-O 13. O-O Rc8 14. Ne5 b5 15. Qf3 Nc4 16. Nxc4 dxc4 17. Bb1 Bxc3 18. bxc3 Bc6 19. Qh3 Be4 20. Bxe4 Nxe4 21. f3 Nf6 22. e4 Nd7 23. Qg3 Kh8 24. Rfd1 f6 25. Qh3 Qe7 26. e5 Nb6 27. exf6 gxf6 28. Re1 Rce8 29. a4 Nd5 30. Bh6 Rg8 31. axb5 axb5 32. Re4 Rg6 33. Bd2 Reg8 34. Rce1 f5 35. Re5 Qg7 36. g3 b4 37. Rxe6 Rxe6 38. Rxe6 bxc3 39. Bh6 Qxd4+ 40. Kg2 Qd2+ 41. Bxd2 cxd2 42. Qxf5 d1=Q 43. Qe5+ Rg7 44. Re8# 1-0


[Site "https://www.chess.com"]

[Event "Titled Tuesday Blitz October 31 Late 2023"]
[White "Cervantes Landeiro, Thalia"]
[Black "Balla, Tamas-Kristof"]
[WhiteFideId "3520498"]
[BlackFideId "1208497"]
[WhiteElo "2496"]
[BlackElo "2333"]
[Result "1-0"]
[Round "4"]
[TimeControl "180+1"]
[Date "2023.10.31"]
[WhiteClock "0:00:18"]
[BlackClock "0:00:06"]
[Board "112"]

1. d4 d5 2. c4 e6 3. Nc3 c5 4. cxd5 exd5 5. Nf3 Nc6 6. dxc5 d4 7. Na4 Bxc5 8. Nxc5 Qa5+ 9. Bd2 Qxc5 10. e3 Nf6 11. Rc1 Qb6 12. exd4 Nxd4 13. Qa4+ Nc6 14. Bb5 Bd7 15. O-O O-O 16. Be3 Qd8 17. Rfd1 a6 18. Be2 Re8 19. Qb3 Rb8 20. Nd4 Nxd4 21. Rxd4 Qe7 22. Bf3 Bc6 23. Bxc6 bxc6 24. Qc2 Nd5 25. Bd2 Qe5 26. Rh4 h6 27. b3 Re6 28. h3 Rg6 29. Rg4 Rxg4 30. hxg4 Rc8 31. Qc4 a5 32. Qa6 Rd8 33. Bxa5 Nf4 34. Re1 Qd6 35. Bxd8 Qxd8 36. Qc4 Qg5 37. g3 Ne6 38. Qxc6 Qd2 39. Qc8+ Kh7 40. Qc1 Qxa2 41. Qb1+ Qxb1 42. Rxb1 Nd4 43. b4 Nb5 44. Rc1 Kg6 45. Rc5 Nd4 46. b5 Nf3+ 47. Kg2 Nd4 48. b6 1-0


[Site "https://www.chess.com"]

[Event "Titled Tuesday Blitz October 31 Late 2023"]
[White "Pinero Rodriguez, Carlos Jose"]
[Black "Jesseinkman"]
[WhiteFideId "3901726"]
[WhiteElo "2495"]
[BlackElo "2328"]
[Result "1/2-1/2"]
[Round "4"]
[TimeControl "180+1"]
[Date "2023.10.31"]
[WhiteClock "0:00:08"]
[BlackClock "0:00:08"]
[Board "113"]

1. d4 d5 2. c4 e6 3. Nf3 c5 4. cxd5 exd5 5. g3 Nc6 6. Bg2 Nf6 7. O-O Be7 8. Nc3 O-O 9. dxc5 Bxc5 10. a3 a5 11. Bg5 d4 12. Bxf6 Qxf6 13. Ne4 Qe7 14. Nxc5 Qxc5 15. Rc1 Qb6 16. Qd2 Rd8 17. Rfd1 a4 18. h3 h6 19. Qc2 Be6 20. Rd2 Na5 21. Re1 Nb3 22. Rdd1 Rac8 23. Qe4 Bd5 24. Qf4 Bxf3 25. Bxf3 Rc2 26. Be4 Rxb2 27. Qf5 g6 28. Qf4 Kg7 29. Qe5+ Qf6 30. Qc7 Nd2 31. Bg2 b5 32. Qc1 Nc4 33. Rd3 Rb3 34. Red1 Rxd3 35. Rxd3 Ne5 36. Rd1 d3 37. exd3 Rxd3 38. Rxd3 Nxd3 39. Qe3 Ne5 40. Qc3 Nc4 41. Qb4 Qa1+ 42. Bf1 Qxa3 43. Qxb5 Nd2 44. Qe5+ Kh7 45. Bg2 Nf3+ 46. Bxf3 Qxf3 47. Qc7 a3 48. Qa7 Kg7 49. Qa5 Qd1+ 50. Kg2 Qd3 51. Qe5+ Kh7 52. Qe7 Qd5+ 53. Kh2 a2 54. Qa7 Qe6 55. Qa3 Kg7 56. h4 Qd5 57. Kg1 h5 58. Kh2 Kh7 59. Qc3 Qe4 60. Qb2 Qc4 61. Qa3 Qe2 62. Qa7 Qxf2+ 63. Qxf2 a1=Q 64. Qxf7+ Qg7 65. Qxg7+ Kxg7 66. Kh3 Kf6 67. g4 Ke5 68. gxh5 gxh5 69. Kg3 Kf5 70. Kf3 Ke5 71. Kg3 Kf5 72. Kf3 Ke5 73. Kg3 1/2-1/2


[Site "https://www.chess.com"]

[Event "Titled Tuesday Blitz October 31 Late 2023"]
[White "Korkmaz, Necmettin"]
[Black "Freile Martin, Javier"]
[WhiteFideId "6303285"]
[BlackFideId "3600165"]
[WhiteElo "2495"]
[BlackElo "2327"]
[Result "0-1"]
[Round "4"]
[TimeControl "180+1"]
[Date "2023.10.31"]
[WhiteClock "0:01:10"]
[BlackClock "0:00:32"]
[Board "114"]

1. e4 c5 2. Nc3 d6 3. f4 Nc6 4. Nf3 Bd7 5. Bc4 e6 6. O-O Nf6 7. Qe1 a6 8. a3 Be7 9. d3 O-O 10. e5 Ne8 11. Qg3 g6 12. f5 exf5 13. Bh6 dxe5 14. Bxf8 Bxf8 15. Nxe5 Nxe5 16. Qxe5 Bc6 17. Rae1 Bg7 18. Qe7 Nd6 19. Nd5 Nxc4 20. Qxd8+ Rxd8 21. Ne7+ Kf8 22. Nxc6 bxc6 23. dxc4 Bxb2 24. Rd1 Rd4 25. Rxd4 cxd4 26. Rd1 Bxa3 27. Kf1 c5 28. Ra1 Bb4 29. Rxa6 Ke7 30. Ke2 h5 31. h3 Kf8 32. Kf3 Kg7 33. Kf4 Bd2+ 34. Ke5 Be3 35. Ra7 h4 36. Rc7 Bf2 37. Kd6 Bg3+ 38. Kc6 Bxc7 39. Kxc7 g5 40. Kc6 f4 41. Kxc5 g4 42. Kxd4 f3 43. Ke3 fxg2 44. Kf2 gxh3 45. c5 Kf8 46. Kg1 Ke7 47. Kh2 Kd7 0-1


[Site "https://www.chess.com"]

[Event "Titled Tuesday Blitz October 31 Late 2023"]
[White "Czerw, Dawid"]
[Black "Ward, Ieuan C"]
[WhiteFideId "1145746"]
[BlackFideId "406627"]
[WhiteElo "2494"]
[BlackElo "2323"]
[Result "0-1"]
[Round "4"]
[TimeControl "180+1"]
[Date "2023.10.31"]
[WhiteClock "0:00:00"]
[BlackClock "0:00:06"]
[Board "115"]

1. d4 Nf6 2. c4 e6 3. Nc3 d5 4. cxd5 Nxd5 5. e4 Nxc3 6. bxc3 c5 7. Nf3 Nc6 8. Rb1 cxd4 9. cxd4 Bb4+ 10. Bd2 Bxd2+ 11. Qxd2 O-O 12. Bc4 b6 13. O-O Na5 14. Bd3 Bb7 15. h3 g6 16. Qh6 Qf6 17. h4 Qg7 18. Qf4 h6 19. Rfd1 Rac8 20. Ne5 Nc6 21. Nd7 Rfd8 22. Nf6+ Kh8 23. d5 e5 24. Qe3 Qxf6 25. Qxh6+ Kg8 26. dxc6 Rxc6 27. Be2 Rcd6 28. Rxd6 Rxd6 29. Rc1 Rc6 30. Rd1 Rc8 31. h5 Bxe4 32. hxg6 Qxg6 33. Qh3 Bf5 34. Qe3 Re8 35. Bf3 e4 36. Be2 Kg7 37. Qf4 Rh8 38. g3 Qh6 39. Qxh6+ Rxh6 40. Rd5 Be6 41. Rd8 Bxa2 42. Ra8 a5 43. Bb5 Bb3 44. Kg2 Rd6 45. g4 Rd2 46. Rb8 e3 47. Kg3 exf2 48. Kg2 a4 49. Rxb6 Rd5 50. Bc6 Rd6 51. Kxf2 Bd5 52. Rb4 Bxc6 53. Rc4 Bb5 54. Rb4 Rb6 55. Kg3 a3 56. Rb3 Ra6 0-1


[Site "https://www.chess.com"]

[Event "Titled Tuesday Blitz October 31 Late 2023"]
[White "Dudzinski, Pawel"]
[Black "Buscar, Michael"]
[WhiteFideId "1117890"]
[BlackFideId "2603616"]
[WhiteElo "2494"]
[BlackElo "2321"]
[Result "0-1"]
[Round "4"]
[TimeControl "180+1"]
[Date "2023.10.31"]
[WhiteClock "0:00:00"]
[BlackClock "0:00:13"]
[Board "116"]

1. e4 c5 2. Nc3 g6 3. d3 Bg7 4. Be3 d6 5. g3 Nc6 6. Bg2 Nf6 7. h3 O-O 8. Qd2 Re8 9. f4 Rb8 10. Nge2 Nd4 11. Nxd4 cxd4 12. Bxd4 b5 13. Bxa7 Ra8 14. Bf2 b4 15. Nd1 Nd7 16. Qxb4 Rb8 17. Qa3 Qc7 18. c3 e5 19. Qa4 exf4 20. gxf4 Rxb2 21. O-O Rd2 22. d4 Nf6 23. e5 Bd7 24. Qa3 dxe5 25. fxe5 Bf8 26. Qc1 Bh6 27. exf6 Ree2 28. Qb1 Qf4 29. Qb7 Bf5 30. Qa8+ Bf8 31. Qf3 Qg5 32. Re1 Be4 33. Qxe4 Rxe4 34. Rxe4 Qxf6 35. Be3 Re2 36. Bg5 Qa6 37. Bf1 Qb5 38. Rxe2 Qxg5+ 39. Rg2 Qf4 40. a4 Bd6 41. a5 Bb8 42. a6 Ba7 43. Nf2 h5 44. Nd3 Bxd4+ 0-1


[Site "https://www.chess.com"]

[Event "Titled Tuesday Blitz October 31 Late 2023"]
[White "Tworuszka, Michal"]
[Black "Shapiro, Daniel"]
[WhiteFideId "1117858"]
[BlackFideId "2001780"]
[WhiteElo "2489"]
[BlackElo "2316"]
[Result "0-1"]
[Round "4"]
[TimeControl "180+1"]
[Date "2023.10.31"]
[WhiteClock "0:00:02"]
[BlackClock "0:00:14"]
[Board "117"]

1. d4 Nf6 2. c4 e6 3. Nc3 Bb4 4. f3 c5 5. d5 b5 6. e4 O-O 7. Ne2 bxc4 8. Nf4 exd5 9. Nxd5 Nxd5 10. Qxd5 Nc6 11. Bxc4 Bb7 12. Qd1 Qh4+ 13. g3 Qh3 14. Bf1 Qe6 15. Be3 f5 16. Qd5 Nd4 17. Qxe6+ dxe6 18. Kf2 fxe4 19. f4 Rac8 20. Bc4 Kh8 21. a3 Ba5 22. Rac1 e5 23. Rhd1 exf4 24. gxf4 Bd8 25. Kg2 Bc7 26. Bd5 Ba6 27. Bxe4 Bxf4 28. Bxf4 Rxf4 29. Bd3 Bb7+ 30. Kg3 Rf3+ 31. Kg4 Rcf8 32. Rf1 R8f4+ 33. Kg5 Ne6+ 34. Kh5 Rh3# 0-1


[Site "https://www.chess.com"]

[Event "Titled Tuesday Blitz October 31 Late 2023"]
[White "Willy, Stephen"]
[Black "Szente Varga, Fruzsina"]
[WhiteFideId "30981468"]
[BlackFideId "712264"]
[WhiteElo "2478"]
[BlackElo "2306"]
[Result "1-0"]
[Round "4"]
[TimeControl "180+1"]
[Date "2023.10.31"]
[WhiteClock "0:01:22"]
[BlackClock "0:01:20"]
[Board "118"]

1. e4 c5 2. c3 Nf6 3. e5 Nd5 4. d4 cxd4 5. Nf3 Nc6 6. Bc4 Nb6 7. Bb3 d6 8. exd6 Qxd6 9. O-O Be6 10. Na3 Bxb3 11. Qxb3 e6 12. Nb5 Qc5 13. Nc7+ Kd8 14. Nxa8 Nxa8 15. Qxb7 Nc7 16. cxd4 Qd6 17. Ng5 Ke8 18. Be3 Be7 19. Rac1 Bxg5 20. Rxc6 Qd8 21. Rxc7 1-0


[Site "https://www.chess.com"]

[Event "Titled Tuesday Blitz October 31 Late 2023"]
[White "Suarez Uriel, Adrian"]
[Black "Schut, Han"]
[WhiteFideId "22230874"]
[BlackFideId "1005561"]
[WhiteElo "2476"]
[BlackElo "2298"]
[Result "1-0"]
[Round "4"]
[TimeControl "180+1"]
[Date "2023.10.31"]
[WhiteClock "0:01:16"]
[BlackClock "0:00:22"]
[Board "119"]

1. e4 c5 2. Nc3 Nc6 3. Bb5 Nd4 4. Nf3 Nxb5 5. Nxb5 a6 6. Nc3 g6 7. d4 Bg7 8. dxc5 Qa5 9. O-O Qxc5 10. Be3 Qc4 11. Nd5 Qc6 12. Nd4 Bxd4 13. Qxd4 f6 14. c4 e5 15. Qd2 Kf7 16. f4 d6 17. fxe5 dxe5 18. Bg5 f5 19. exf5 gxf5 20. Rae1 h6 21. Bh4 Qd6 22. Qc3 Qc5+ 23. Kh1 Qd4 24. Qb4 Qxh4 25. Nb6 Rb8 26. Nxc8 Rxc8 27. Qxb7+ Qe7 28. Qxc8 Kg7 29. Qxf5 Nf6 30. Rxe5 Qa7 31. Re6 Rf8 32. Rxf6 Rxf6 33. Qxf6+ Kh7 34. Qf7+ 1-0


[Site "https://www.chess.com"]

[Event "Titled Tuesday Blitz October 31 Late 2023"]
[White "Vifleemskaia, Svetlana"]
[Black "Bilan, Danila"]
[WhiteFideId "4129490"]
[BlackFideId "24161918"]
[WhiteElo "2279"]
[BlackElo "2472"]
[Result "1-0"]
[Round "4"]
[TimeControl "180+1"]
[Date "2023.10.31"]
[WhiteClock "0:00:14"]
[BlackClock "0:00:10"]
[Board "120"]

1. d4 d5 2. c4 c6 3. cxd5 cxd5 4. Bf4 Nf6 5. Nc3 Nc6 6. e3 Bf5 7. Qb3 Na5 8. Qa4+ Bd7 9. Qc2 Rc8 10. Bd3 e6 11. Nf3 Nc4 12. Bxc4 Rxc4 13. Ne5 Rc8 14. h3 Bb4 15. O-O Ne4 16. Qb3 Bxc3 17. bxc3 Nd2 18. Qxb7 Nxf1 19. Rxf1 f6 20. Nd3 Qb6 21. Rb1 Qxb7 22. Rxb7 Ke7 23. Nc5 Rxc5 24. dxc5 e5 25. c6 exf4 26. Rxd7+ Ke6 27. Rxg7 fxe3 28. fxe3 Kd6 29. c7 Kc5 30. Rxh7 Rc8 31. Rg7 Kc4 32. h4 Kxc3 33. h5 Kd3 34. Kf2 f5 35. h6 f4 36. exf4 Kc2 37. h7 d4 38. Rg8 Rxc7 39. h8=Q d3 40. Rd8 Rc4 41. Qh7 Rc3 42. Ke3 a5 43. Rxd3 Rxd3+ 44. Qxd3+ Kb2 45. f5 a4 46. f6 a3 47. f7 Ka1 48. f8=Q Kb2 49. Qf6+ Kc1 50. Qd2+ Kb1 51. Qb6+ Ka1 52. Qc3+ Kxa2 53. Qc2+ Ka1 54. Qbb1# 1-0


[Site "https://www.chess.com"]

[Event "Titled Tuesday Blitz October 31 Late 2023"]
[White "Mmukka"]
[Black "Fominykh, Maria"]
[BlackFideId "4142411"]
[WhiteElo "2467"]
[BlackElo "2298"]
[Result "0-1"]
[Round "4"]
[TimeControl "180+1"]
[Date "2023.10.31"]
[WhiteClock "0:00:08"]
[BlackClock "0:00:08"]
[Board "121"]

1. e4 e6 2. d4 d5 3. Nc3 Nf6 4. e5 Nfd7 5. f4 c5 6. Nf3 Nc6 7. Be3 a6 8. Qd2 b5 9. Be2 Qb6 10. Nd1 cxd4 11. Nxd4 Bc5 12. c3 b4 13. O-O a5 14. Kh1 O-O 15. Bf3 Ba6 16. Re1 bxc3 17. bxc3 Nxd4 18. Bxd4 Rac8 19. Ne3 Bxd4 20. cxd4 Qb4 21. Qxb4 axb4 22. Rab1 Rb8 23. f5 Bd3 24. Rb2 Rb5 25. fxe6 fxe6 26. Bg4 Kf7 27. Rd2 Be4 28. Rc1 Ke7 29. Rc6 Rb6 30. Rc7 b3 31. Rb2 bxa2 32. Rd2 a1=Q+ 33. Rd1 Rb1 34. h4 Rxd1+ 35. Bxd1 Qa3 36. Ng4 Rf1+ 37. Kh2 Rxd1 38. Rc8 Rd2 0-1


[Site "https://www.chess.com"]

[Event "Titled Tuesday Blitz October 31 Late 2023"]
[White "Osmonbekov, Talaibek"]
[Black "Arutla, Aditya"]
[WhiteFideId "2017253"]
[BlackFideId "30961998"]
[WhiteElo "2240"]
[BlackElo "2462"]
[Result "1-0"]
[Round "4"]
[TimeControl "180+1"]
[Date "2023.10.31"]
[WhiteClock "0:01:04"]
[BlackClock "0:01:53"]
[Board "122"]

1. d4 d5 2. Nc3 Nf6 3. Bf4 e6 4. e3 Nbd7 5. Nb5 Bb4+ 6. c3 Ba5 7. b4 Bb6 8. a4 a6 9. Na3 O-O 10. a5 Ba7 11. Bd3 Re8 12. Nf3 Nf8 13. Ne5 Ng6 14. Bg3 Nxe5 15. Bxe5 Ne4 16. f3 Nd6 17. Qc2 h6 18. O-O f6 19. Bg3 e5 20. Bg6 Re6 21. Rae1 e4 22. Bxd6 Qxd6 23. fxe4 dxe4 24. Bxe4 Bd7 25. Nc4 Qe7 26. Bxb7 Rb8 27. Bd5 1-0


[Site "https://www.chess.com"]

[Event "Titled Tuesday Blitz October 31 Late 2023"]
[White "ATM622"]
[Black "Florianovitz, Derlei Alex"]
[BlackFideId "2114178"]
[WhiteElo "2458"]
[BlackElo "2253"]
[Result "0-1"]
[Round "4"]
[TimeControl "180+1"]
[Date "2023.10.31"]
[WhiteClock "0:00:03"]
[BlackClock "0:00:24"]
[Board "123"]

1. d4 Nf6 2. c4 e6 3. g3 Bb4+ 4. Nd2 c5 5. Nf3 Nc6 6. e3 d5 7. cxd5 exd5 8. Bg2 Bg4 9. O-O Bxd2 10. Bxd2 cxd4 11. exd4 O-O 12. Be3 Qd7 13. Qa4 Bxf3 14. Bxf3 Ne5 15. Qxd7 Nxf3+ 16. Kg2 Nh4+ 17. Kh3 Nxd7 18. Kxh4 Rac8 19. Rac1 Nb6 20. b3 f6 21. g4 Kf7 22. a4 Rxc1 23. Rxc1 Rc8 24. a5 Rxc1 25. Bxc1 Nd7 26. f4 g6 27. f5 a6 28. Ba3 Nb8 29. Bc5 Nc6 30. Bb6 Nb4 31. Kg3 Nd3 32. h4 Nc1 33. b4 Nd3 34. Bc5 gxf5 35. gxf5 h5 36. Kf3 Ne1+ 37. Kf2 Nd3+ 38. Ke2 Nb2 39. Ke3 Nc4+ 40. Kd3 Nb2+ 41. Ke2 Nc4 42. Ba7 Nd6 43. Kd3 Nxf5 44. Bb8 Nxh4 45. Kc3 Nf3 46. Bg3 h4 47. Bf4 h3 48. Kb3 h2 49. Bxh2 Nxh2 50. Ka4 Ke6 51. b5 axb5+ 52. Kxb5 Nf3 53. Kb6 Nxd4 54. Kxb7 Kd6 55. a6 Nc6 56. a7 Nxa7 57. Kxa7 d4 58. Ka6 d3 59. Kb5 d2 0-1


[Site "https://www.chess.com"]

[Event "Titled Tuesday Blitz October 31 Late 2023"]
[White "Liu, Casper"]
[Black "Quirke, Jeffrey"]
[WhiteFideId "1454153"]
[BlackFideId "2013029"]
[WhiteElo "2457"]
[BlackElo "2229"]
[Result "0-1"]
[Round "4"]
[TimeControl "180+1"]
[Date "2023.10.31"]
[WhiteClock "0:00:00"]
[BlackClock "0:00:07"]
[Board "124"]

1. e4 e6 2. Ne2 d5 3. d3 Nf6 4. Bg5 dxe4 5. Ng3 Be7 6. Nc3 Nbd7 7. dxe4 O-O 8. Bd3 b6 9. f4 Bb7 10. e5 Nd5 11. Nce4 Bxg5 12. Nxg5 h6 13. Nh7 Nxf4 14. Nxf8 Nxg2+ 15. Kd2 Qg5+ 16. Kc3 Qxe5+ 17. Kb3 Nc5+ 18. Ka3 Kxf8 19. Qh5 Nxd3 20. cxd3 Qd6+ 21. b4 Nf4 22. Qg4 Qxd3+ 23. Kb2 Qd2+ 24. Ka3 Qc3+ 25. Ka4 b5+ 26. Ka5 Qa3+ 27. Kxb5 Qa6+ 28. Kc5 Qc6+ 29. Kd4 Qd5+ 30. Kc3 Qd3+ 31. Kb2 Bxh1 32. Rxh1 Qd2+ 33. Kb3 Qd5+ 34. Ka3 Nd3 35. Rd1 Rd8 36. Ne2 Qb5 37. Nc3 Qa6+ 38. Kb3 Qb7 0-1


[Site "https://www.chess.com"]

[Event "Titled Tuesday Blitz October 31 Late 2023"]
[White "Rangel, Daniel"]
[Black "Modric, Nesa"]
[WhiteFideId "2124475"]
[BlackFideId "922579"]
[WhiteElo "2456"]
[BlackElo "2226"]
[Result "0-1"]
[Round "4"]
[TimeControl "180+1"]
[Date "2023.10.31"]
[WhiteClock "0:00:04"]
[BlackClock "0:00:32"]
[Board "125"]

1. e4 d5 2. exd5 Qxd5 3. Nc3 Qa5 4. Nf3 c6 5. Bc4 Nf6 6. d4 Bf5 7. h3 e6 8. g4 Bg6 9. Ne5 Nbd7 10. Bd2 Bb4 11. h4 Nxe5 12. dxe5 Qxe5+ 13. Kf1 Bxc3 14. Bxc3 Qe4 15. f3 Qxc4+ 16. Kg2 Qd5 17. Bxf6 gxf6 18. Qe2 h5 19. Rad1 Qe5 20. Qxe5 fxe5 21. c3 Rd8 22. Kf2 Rxd1 23. Rxd1 Ke7 24. Rh1 Rd8 25. Ke3 Rd3+ 26. Ke2 Rd7 27. g5 Bd3+ 28. Ke3 Bg6 29. Ke2 f5 30. Re1 e4 31. fxe4 fxe4 32. Rf1 Bf5 33. Rg1 Bg4+ 34. Ke3 Rd3+ 35. Kxe4 Rh3 36. g6 Kf6 37. Rf1+ Bf5+ 38. Kd4 Kxg6 39. Kc5 Rxh4 40. Kd6 Rh2 41. b3 h4 42. Kc7 h3 43. Kxb7 Rxa2 44. Rg1+ Kh5 45. Rg8 h2 46. b4 Kh6 47. Rh8+ Bh7 48. Re8 h1=Q 49. Rxe6+ Bg6 50. Rxc6 Kg7 51. b5 Be4 52. c4 Bxc6+ 53. bxc6 Rb2+ 54. Kc7 Kf6 55. c5 Ke7 56. Kc8 Qxc6# 0-1


[Site "https://www.chess.com"]

[Event "Titled Tuesday Blitz October 31 Late 2023"]
[White "Perez Rodriguez, Jennifer"]
[Black "Souza, Gustavo Horokoski De"]
[WhiteFideId "3507831"]
[BlackFideId "2146584"]
[WhiteElo "2444"]
[BlackElo "2182"]
[Result "0-1"]
[Round "4"]
[TimeControl "180+1"]
[Date "2023.10.31"]
[WhiteClock "0:00:00"]
[BlackClock "0:00:10"]
[Board "126"]

1. e4 e6 2. d4 d5 3. Bd3 c5 4. exd5 Qxd5 5. Nc3 Qxd4 6. Nb5 Qd8 7. Bf4 Na6 8. Qf3 Nf6 9. O-O-O Nd5 10. Be4 Qf6 11. Bxd5 exd5 12. Nh3 Bxh3 13. gxh3 Be7 14. Rxd5 O-O 15. Qe3 Rfe8 16. Re1 Bf8 17. Qxe8 Rxe8 18. Rxe8 Qxf4+ 19. Kb1 Qxf2 20. Nc3 Nb4 21. Rd1 Qxc2+ 22. Ka1 g6 23. a3 Nc6 24. Rd7 Kg7 25. Rxb7 Na5 26. Rxa7 Nb3+ 27. Ka2 c4 28. Rc8 Nc1+ 29. Ka1 Nd3 30. Rb7 Qc1+ 31. Ka2 Nc5 32. Rcc7 Nb3 33. Rxf7+ Kh6 34. Nb1 Nd2 35. Rxh7+ Kg5 36. Nxd2 Qxd2 37. h4+ Kg4 38. Rhf7 Bh6 39. Rb4 Kh3 40. Rxc4 Qd5 41. Rc7 Bc1 42. a4 Bf4 43. Ka3 Bxc7 44. Ka2 Bd6 45. b3 Qxc4 46. bxc4 Bc5 47. Kb3 Kxh4 48. Kc3 Kh3 49. Kd3 Kxh2 50. Ke4 g5 51. Kd5 g4 52. Kxc5 g3 53. a5 g2 54. a6 g1=Q+ 55. Kc6 Qa7 56. Kb5 Kg3 57. c5 Kf4 58. c6 Ke5 59. c7 Qxc7 0-1


[Site "https://www.chess.com"]

[Event "Titled Tuesday Blitz October 31 Late 2023"]
[White "Petersson, Kjell"]
[Black "Jovic, Stanoje"]
[WhiteFideId "1705148"]
[BlackFideId "905020"]
[WhiteElo "2160"]
[BlackElo "2437"]
[Result "0-1"]
[Round "4"]
[TimeControl "180+1"]
[Date "2023.10.31"]
[WhiteClock "0:00:08"]
[BlackClock "0:00:26"]
[Board "127"]

1. d4 Nf6 2. Bf4 d5 3. e3 e6 4. Nf3 Bd6 5. Nbd2 O-O 6. Bg3 b6 7. c3 c5 8. Bd3 Ba6 9. Bc2 Nc6 10. Ne5 Bxe5 11. dxe5 Nd7 12. Qh5 g6 13. Qh6 Ndxe5 14. O-O-O f5 15. Nf3 Ng4 16. Qh3 Rc8 17. Bh4 Qe8 18. Ng5 d4 19. Nxh7 Kxh7 20. Bf6+ Nh6 21. Bg5 Qf7 22. Bxh6 Rh8 23. Bg5+ Kg8 24. Qg3 e5 25. exd4 cxd4 26. Bb3 Bc4 27. Bxc4 Qxc4 28. b3 Qc5 29. c4 Kf7 30. Kb2 e4 31. h4 d3 32. h5 Qe5+ 33. Qxe5 Nxe5 34. hxg6+ Kxg6 35. Bf4 Ng4 36. Rxh8 Rxh8 37. Bg3 Rf8 38. b4 f4 39. Bh4 Rh8 40. g3 Nxf2 41. Rf1 e3 42. gxf4 Rxh4 43. f5+ Kxf5 44. c5 Rxb4+ 45. Kc3 bxc5 46. a3 Rd4 47. a4 d2 48. Rxf2+ exf2 49. a5 d1=Q 50. a6 Qd2+ 0-1


[Site "https://www.chess.com"]

[Event "Titled Tuesday Blitz October 31 Late 2023"]
[White "Mazurkiewicz, Michal"]
[Black "VitaliyChayka"]
[WhiteFideId "1124943"]
[WhiteElo "2437"]
[BlackElo "2157"]
[Result "1-0"]
[Round "4"]
[TimeControl "180+1"]
[Date "2023.10.31"]
[WhiteClock "0:00:12"]
[BlackClock "0:00:02"]
[Board "128"]

1. e4 d6 2. d4 g6 3. Nc3 c6 4. f4 d5 5. e5 h5 6. Nf3 Nh6 7. Be3 Bf5 8. h3 e6 9. Bf2 Be7 10. Be2 h4 11. Qd2 a6 12. O-O-O Nd7 13. Ng5 Ng8 14. Nf3 c5 15. dxc5 Nxc5 16. Nd4 Rc8 17. Nxf5 gxf5 18. Kb1 Qc7 19. Qd4 Bf8 20. Rc1 Ne7 21. Na4 Nxa4 22. Qxa4+ Qc6 23. Qxc6+ Nxc6 24. c4 dxc4 25. Rxc4 Be7 26. Rhc1 Rg8 27. Bf3 Kd7 28. Bb6 Bd8 29. Rd1+ Ke7 30. Bc5+ Ke8 31. Bd6 Bb6 32. Rdc1 Kd7 33. Rd1 Ke8 34. b4 Rg6 35. a4 f6 36. b5 axb5 37. axb5 Na7 38. Rxc8+ Nxc8 39. Bxb7 Nxd6 40. Rxd6 Be3 41. Rxe6+ Kf7 42. Bd5 Kf8 43. b6 Bxb6 44. Rxb6 Rg3 45. Rxf6+ Ke7 46. Rf7+ Ke8 47. Rxf5 Re3 48. e6 Re1+ 49. Kc2 Re2+ 50. Kd3 Re3+ 51. Kxe3 1-0


[Site "https://www.chess.com"]

[Event "Titled Tuesday Blitz October 31 Late 2023"]
[White "Miszler, Levente"]
[Black "Andreassen, Lars"]
[WhiteFideId "763276"]
[BlackFideId "1504878"]
[WhiteElo "2434"]
[BlackElo "2120"]
[Result "0-1"]
[Round "4"]
[TimeControl "180+1"]
[Date "2023.10.31"]
[WhiteClock "0:01:23"]
[BlackClock "0:01:06"]
[Board "129"]

1. d4 d5 2. Nf3 e6 3. Bf4 c5 4. e3 Nc6 5. Nbd2 Nf6 6. c3 Bd6 7. Bg3 O-O 8. Bd3 b6 9. Qe2 Bb7 10. Rd1 Re8 11. e4 dxe4 12. Nxe4 Nxe4 13. Qxe4 f5 14. Qe2 cxd4 15. cxd4 Bxg3 16. hxg3 Nxd4 17. Nxd4 Qxd4 18. Bc4 Qf6 19. Rd7 Bxg2 20. Rh2 Bd5 21. Bb5 Red8 22. Rxd8+ Rxd8 23. Rh4 h6 24. Ra4 Qe7 25. Rd4 Qc5 26. Bc4 Qxd4 0-1


[Site "https://www.chess.com"]

[Event "Titled Tuesday Blitz October 31 Late 2023"]
[White "Mindhunter08"]
[Black "Freeeeeeeeeeeeeeeeee"]
[WhiteElo "2431"]
[BlackElo "2039"]
[Result "1-0"]
[Round "4"]
[TimeControl "180+1"]
[Date "2023.10.31"]
[WhiteClock "0:01:02"]
[BlackClock "0:00:21"]
[Board "130"]

1. e4 e5 2. Nf3 Nc6 3. Bc4 Nf6 4. d3 Be7 5. c3 O-O 6. O-O d6 7. a4 h6 8. Nbd2 Be6 9. Bb3 Na5 10. Bc2 c5 11. Re1 Nc6 12. Nf1 Re8 13. Ng3 Bf8 14. Qe2 g6 15. h3 Bg7 16. Be3 b6 17. Rad1 d5 18. Bc1 d4 19. Nh2 Qc7 20. Rf1 dxc3 21. bxc3 Rad8 22. f4 c4 23. f5 cxd3 24. Bxd3 Bc8 25. fxg6 fxg6 26. Bxh6 Bxh6 27. Rxf6 Qg7 28. Rxc6 Bb7 29. Bc4+ Kh8 30. Rcd6 Rxd6 31. Rxd6 Bf4 32. Qg4 Bxg3 33. Qxg3 Bxe4 34. Qh4+ Qh7 35. Qxe4 1-0


[Site "https://www.chess.com"]